 Dungeon Crawl Stone Soup version 0.17-a0-1533-g2f57bce (webtiles) character file.

497 mrath the Digger (level 7, -3/36 HPs)
             Began as a Gargoyle Earth Elementalist on July 16, 2015.
             Killed from afar by an orc wizard (8 damage)
             ... with a magic dart
             ... on level 4 of the Dungeon.
             The game lasted 00:47:27 (6135 turns).

mrath the Digger (Gargoyle Earth Elementalist)      Turns: 6135, Time: 00:47:27

Health: -3/36      AC:  9    Str: 11    XL:     7   Next: 16%
Magic:  15/15      EV: 17    Int: 18    God:
Gold:   152        SH:  0    Dex: 15    Spells: 3 memorised, 11 levels left

rFire  . . .     SeeInvis .     p - +0 whip (vamp)
rCold  . . .     Clarity  .     b - +1 robe
rNeg   + + .     SustAt   .     (no shield)
rPois  ∞         Gourm    .     f - +0 helmet
rElec  +         Spirit   .     (no cloak)
rCorr  .         Warding  .     x - +0 pair of gloves
rMut   .         Stasis   .     (no boots)
MR     .....                    (no amulet)
Stlth  ++........               (no ring)
                                s - ring of positive energy

@: confused, agile, not resistant to hostile enchantments, unstealthy
A: negative energy resistance 1, electricity resistance, unbreathing,
petrification resistance, rot immunity, AC +4
a: no special abilities


You were on level 4 of the Dungeon.
You were not hungry.

You visited 1 branch of the dungeon, and saw 7 of its levels.

You collected 152 gold pieces.

Inventory:

Hand weapons
 e - a +0 mace
 k - a +1 dagger of venom
 m - a +0 hunting sling
 p - a +0 vampiric whip (weapon)
 B - a +0 shortbow
Missiles
 a - 147 stones (quivered)
 n - 107 arrows
 r - 15 sling bullets
 y - 8 tomahawks
Armour
 b - a +1 robe (worn)
 f - a +0 helmet (worn)
 x - a +0 pair of gloves (worn)
 D - a +0 buckler
 H - the +1 pair of gloves of the Untouchables {rPois Str+3 Dex+7 Stlth-, unknown}
   (You found it on level 5 of the Dungeon)

   It affects your strength (+3).
   It affects your dexterity (+7).
   It protects you from poison.
   It makes you less stealthy.
Jewellery
 s - a ring of positive energy (left hand)
 J - a +2 ring of evasion {unknown}
Magical devices
 G - a wand of heal wounds (1)
 I - a wand of disintegration (13)
Scrolls
 o - a scroll of enchant armour
 q - a scroll of fear {unknown}
 u - a scroll of remove curse
 v - a scroll of amnesia
 A - a scroll of magic mapping {unknown}
 C - a scroll of noise {unknown}
 F - a scroll of enchant weapon {unknown}
Potions
 g - 2 potions of haste
 h - 3 potions of agility
 i - 5 potions of curing
 j - a potion of invisibility
 t - a potion of lignification {unknown}
 w - a potion of magic {unknown}
 z - 2 potions of heal wounds {unknown}
Books
 c - a book of Geomancy

   Spells                             Type                      Level
   a - Sandblast                      Earth                        1
   b - Stoneskin                      Transmutation/Earth          2
   c - Passwall                       Transmutation/Earth          3
   d - Stone Arrow                    Conjuration/Earth            3
   e - Petrify                        Transmutation/Earth          4
   f - Lee's Rapid Deconstruction     Earth                        5
Comestibles
 d - 3 bread rations
 l - a meat ration
 E - 4 fruits


   Skills:
 - Level 1.5 Dodging
 - Level 2.1 Stealth
 * Level 5.6 Spellcasting
 - Level 0.7 Transmutations
 + Level 6.3 Earth Magic


You had 11 spell levels left.
You knew the following spells:

 Your Spells              Type           Power        Failure   Level  Hunger
a - Sandblast             Erth           ####..       1%          1    None
b - Stoneskin             Trmt/Erth      ###.....     6%          2    None
c - Stone Arrow           Conj/Erth      ###...       12%         3    ##.....


Dungeon Overview and Level Annotations

Branches:
Dungeon (7/15)
 Temple: D:4-7

Altars:
Nemelex Xobeh

Annotations:
D:3 Grinder


Innate Abilities, Weirdness & Mutations

You are resistant to torment.
Your stone body is resilient (AC +4).
You are immune to poison.
You resist negative energy.
You are resistant to electric shocks.
You can survive without breathing.
You are immune to petrification.
You are immune to rotting.


Message History

You miss something. Something hits you but does no damage.
You bump into the rock wall.
You hear some strange, mumbled words.
A puff of flame appears from out of thin air!
The puff of flame misses you.
You miss something.
You hear some strange, mumbled words.
A magic dart appears from out of thin air!
The magic dart hits you!
* * * LOW HITPOINT WARNING * * *
You bump into the rock wall.
Something hits you but does no damage.
Drink which item? (? for menu, Esc to quit)
It was a potion of agility.
You feel agile all of a sudden. Something hits you but does no damage.
You bump into the rock wall.
You hear some strange, mumbled words.
A magic dart appears from out of thin air!
The magic dart hits you!
You die...

##### ##############
#...######......o......
#.....@{ooo############
#...######## ##.## #.#
#.#### #....# ####.#
#.# #.#


You could see 3 orcs.

Vanquished Creatures
  A phantom (D:4)
  An ogre (D:4)
  A centaur (D:3)
  An orc priest (D:3)
  A hound (D:4)
  A worker ant (D:4)
  5 adders
  2 oozes
  11 orcs
  8 bats
  A bat skeleton (D:7)
  6 giant cockroaches
  12 hobgoblins
  5 jackals (D:1)
  3 giant geckos
  A giant gecko skeleton (D:6)
  8 giant newts
  11 goblins
  9 kobolds
  2 quokkas
  8 rats
98 creatures vanquished.

Notes
Turn   | Place    | Note
--------------------------------------------------------------
     0 | D:1      | mrath the Gargoyle Earth Elementalist began the quest for the Orb.
     0 | D:1      | Reached XP level 1. HP: 10/10 MP: 3/3
   538 | D:1      | Reached XP level 2. HP: 7/15 MP: 1/5
   747 | D:1      | Reached skill level 4 in Earth Magic
  1175 | D:1      | Reached XP level 3. HP: 19/19 MP: 5/7
  1246 | D:1      | Learned a level 2 spell: Stoneskin
  1250 | D:1      | Learned a level 3 spell: Stone Arrow
  2117 | D:2      | Found a sparkling altar of Nemelex Xobeh.
  2792 | D:2      | Reached XP level 4. HP: 24/24 MP: 4/8
  3897 | D:3      | Reached skill level 5 in Earth Magic
  4056 | D:3      | Reached XP level 5. HP: 28/28 MP: 10/10
  4379 | D:3      | Noticed Grinder
  4392 | D:3      | Noticed an ogre
  4405 | D:3      | Paralysed by something for 2 turns
  5050 | D:3      | Noticed a centaur
  5070 | D:3      | Killed a centaur
  5070 | D:3      | Reached XP level 6. HP: 13/32 MP: 4/13
  5500 | D:4      | Reached skill level 5 in Spellcasting
  5502 | D:4      | Reached skill level 6 in Earth Magic
  5672 | D:4      | You fall through a shaft for 3 floors!
  5744 | D:5      | Entered Level 5 of the Dungeon
  5776 | D:5      | Got a pair of bloodstained gloves
  5954 | D:4      | Reached XP level 7. HP: 36/36 MP: 7/15
  6135 | D:4      | Killed from afar by an orc wizard

Vault maps used:
D:1:      zelgadis_glass_arrival_small
D:2:      old_standard_altar, first_bread
D:3:      uniq_grinder
D:4:      lemuel_coloured_pillars_altar, minmay_temple_entry_enclosed_plants
D:5:      corexii_shack_village, serial_bayou_ford_a, uniq_pikel,
          uniq_crazy_yiuf_cottage
D:6:      basic_altar

Action                   |  1- 3 |  4- 6 |  7- 9 || total
-------------------------+-------+-------+-------++-------
Melee: Club              |    86 |       |       ||    86
       Dagger            |     8 |    75 |       ||    83
       Mace              |    40 |     2 |       ||    42
       Whip              |       |       |    56 ||    56
 Fire: Hunting sling     |       |    22 |       ||    22
       Shortbow          |       |    18 |     4 ||    22
 Cast: Sandblast         |    61 |    40 |     2 ||   103
       Stoneskin         |       |     1 |       ||     1
  Use: Scroll            |     8 |     1 |       ||     9
       Potion            |       |       |     1 ||     1
 Stab: Sleeping          |     1 |     2 |       ||     3
  Eat: Chunk             |     6 |     5 |       ||    11
       Meat ration       |       |     1 |     1 ||     2
